 Dungeon Crawl Stone Soup version 0.29-a0-791-ga0f254aafb (webtiles) character file.

Game seed: 14826967266171911632

16918 Malachi the Covert (level 12, -5/102 HPs)
             Began as a Demonspawn Brigand on July 3, 2022.
             Was an Elder of Dithmenos.
             Slain by a seven-headed hydra (11 damage)
             ... on level 2 of the Lair of Beasts.
             The game lasted 00:24:59 (14660 turns).

Malachi the Covert (Demonspawn Brigand)            Turns: 14660, Time: 00:24:59

Health: -5/102     AC: 23    Str: 13    XL:     12   Next: 14%
Magic:  12/12      EV: 10    Int: 12    God:    Dithmenos [****..]
Gold:   776        SH:  5    Dex: 25    Spells: 11/11 levels left

rFire   . . .      SeeInvis .   F - +1 short sword (elec)
rCold   . . .      Faith    .   (no shield)
rNeg    . . .      Spirit   .   y - +4 swamp dragon scales
rPois   +          Reflect  +   R - +0 helmet
rElec   .          Harm     .   c - +0 cloak
rCorr   .          Rampage  .   (no gloves)
Will    .....                   A - +0 pair of boots Stlth **++++++++
                                W - amulet of reflection
HPRegen 0.27/turn               s - +4 ring of protection
MPRegen 0.26/turn               G - +4 ring of protection

@: about to teleport, wreathed by umbra
A: thin skeletal structure 3, magic regeneration, weakness stinger 2
a: Renounce Religion, Shadow Step


You were on level 2 of the Lair of Beasts.
You worshipped Dithmenos.
Dithmenos was greatly pleased with you.
You visited 2 branches of the dungeon, and saw 15 of its levels.

You collected 776 gold pieces.

Inventory:

Hand Weapons
 v - a +2 dagger of venom
 F - a +1 short sword of electrocution (weapon)
 O - a +1 rapier of freezing
Missiles
 d - 15 poisoned darts (quivered)
 e - 4 curare-tipped darts
 z - 2 throwing nets
Armour
 c - a +0 cloak (worn)
 y - +4 swamp dragon scales (worn)
 A - a +0 pair of boots (worn)
 L - an orb of mayhem
 R - a +0 helmet (worn)
Jewellery
 a - the ring "Namp" {Wiz rN+ Will+}
   (You took it off a gnoll on level 8 of the Dungeon)

   [ring of wizardry]

   It improves your spell success rate.
   rN:        It protects you from negative energy.
   Will:      It increases your willpower.
 s - a +4 ring of protection (left hand)
 G - a +4 ring of protection (right hand)
 H - a ring of willpower
 Q - a ring of resist corrosion
 T - a +4 ring of evasion
 W - an amulet of reflection (around neck)
Wands
 k - a wand of roots (4)
 w - a wand of paralysis (9)
 S - a wand of mindburst (1)
 Z - a wand of acid (3)
Scrolls
 b - 4 scrolls of blinking
 h - 6 scrolls of teleportation
 i - 2 scrolls of brand weapon
 j - a scroll of summoning
 n - 2 scrolls of silence
 D - 3 scrolls of magic mapping
 I - 5 scrolls of vulnerability
 J - 3 scrolls of amnesia
 P - a scroll of poison
 V - a scroll of fear
Potions
 f - 2 potions of heal wounds
 g - 2 potions of attraction
 l - 2 potions of ambrosia
 m - 8 potions of curing
 o - 2 potions of magic {unknown}
 p - 2 potions of flight {unknown}
 q - 4 potions of berserk rage {unknown}
 r - a potion of brilliance {unknown}
 t - 2 potions of haste {unknown}
 u - 2 potions of mutation {unknown}
 C - 5 potions of might
 E - a potion of degeneration {unknown}
 N - a potion of resistance {unknown}
 U - 2 potions of cancellation {unknown}
Miscellaneous
 M - a box of beasts


   Skills:
 - Level 12.0 Fighting
 + Level 10.2 Short Blades
 - Level 2.0 Ranged Weapons
 - Level 1.7 Throwing
 - Level 2.2 Armour
 - Level 0.8 Dodging
 - Level 12.0 Stealth
 - Level 1.0 Shields
 + Level 1.1 Invocations


You had 11 spell levels left.
You didn't know any spells.
Your spell library contained the following spells:

 Spells                   Type           Power      Damage    Failure   Level
 Beastly Appendage        Tmut           0%         N/A       56%         1
 Necrotize                Necr           0%         1d4       56%         1
 Blink                    Tloc           0%         N/A       71%         2
 Ensorcelled Hibernation  Hex/Ice        0%         N/A       71%         2
 Passwall                 Tmut/Erth      0%         N/A       71%         2
 Sublimation of Blood     Necr           0%         N/A       71%         2
 Wereblood                Tmut           0%         N/A       71%         2
 Dazzling Flash           Conj/Hex       0%         N/A       91%         3
 Spider Form              Tmut/Pois      0%         N/A       91%         3
 Swiftness                Air            0%         N/A       91%         3
 Vampiric Draining        Necr           0%         2d6       91%         3
 Petrify                  Tmut/Erth      0%         N/A       100%        4
 Agony                    Necr           0%         N/A       100%        5
 Irradiate                Conj/Tmut      0%         3d13      100%        5
 Manifold Assault         Tloc           0%         N/A       100%        5
 Metabolic Englaciation   Hex/Ice        0%         N/A       100%        5
 Silence                  Hex/Air        0%         N/A       100%        5
 Summon Forest            Summ/Tloc      0%         N/A       100%        5
 Eringya's Noxious Bog    Tmut/Pois      0%         N/A       100%        6
 Statue Form              Tmut/Erth      0%         N/A       100%        6
 Storm Form               Tmut/Air       0%         N/A       100%        7
 Summon Hydra             Summ           0%         N/A       100%        7


Dungeon Overview and Level Annotations

Branches:
Dungeon (13/15)            Temple (0/1) D:5            Lair (2/6) D:8
    Orc (0/2) D:11
  Swamp: Lair:2-4    Shoals: Lair:2-4     Snake: Lair:2-4    Spider: Lair:2-4
 Vaults: D:13-14

Altars:
Dithmenos
Hepliaklqana
Makhleb
Qazlal
Trog
Uskayaw
Vehumet
Xom

Shops:
D:1 ((:[

Portals:
Trove: D:13 (give +2 gold dragon scales)


Innate Abilities, Weirdness & Mutations

You have an unnaturally thin skeletal structure. (Dex +6, Stealth+++)
You regenerate magic rapidly.
You have a tail ending in a sharp stinger.


Message History

The seven-headed hydra bites you but does no damage.
Aiming: Mindburst
Press: ? - help, Shift-Dir - straight line, f/p - seven-headed hydra
Aim: a seven-headed hydra (moderately wounded, umbra, chance to affect: 29%)
The seven-headed hydra easily resists.
The seven-headed hydra bites you. x2
The seven-headed hydra bites you but does no damage.
You block the seven-headed hydra's attack.
The seven-headed hydra closely misses you.
The seven-headed hydra bites you!
The seven-headed hydra bites you but does no damage.
Aiming: Mindburst
Press: ? - help, Shift-Dir - straight line, f/p - seven-headed hydra
Aim: a seven-headed hydra (moderately wounded, umbra, chance to affect: 29%)
The seven-headed hydra easily resists.
The seven-headed hydra closely misses you.
The seven-headed hydra bites you but does no damage.
You block the seven-headed hydra's attack.
The seven-headed hydra bites you but does no damage. x2
The seven-headed hydra closely misses you.
The seven-headed hydra bites you.
As you read the scroll of teleportation, it crumbles to dust.
You feel strangely unstable.
The seven-headed hydra bites you but does no damage.
The seven-headed hydra barely misses you.
The seven-headed hydra bites you!
* * * LOW HITPOINT WARNING * * *
The seven-headed hydra barely misses you.
The seven-headed hydra bites you.
* * * LOW HITPOINT WARNING * * *
The seven-headed hydra bites you.
* * * LOW HITPOINT WARNING * * *
The seven-headed hydra bites you!
* * * LOW HITPOINT WARNING * * *
The seven-headed hydra attacks as you move away!
The seven-headed hydra bites you but does no damage.
You block the seven-headed hydra's attack.
The seven-headed hydra bites you.
* * * LOW HITPOINT WARNING * * *
The seven-headed hydra bites you!
You die...

......F............
.....l..........#
..........D....P#
...#..D####...## ##...# #....#
##'####...## #...l##...## .#
#...FD+....# #+# ...
#P.###@....# #.###..##
######P....####..P....
.###.#P#...............#
.......................##
........................#
....S..................#
..............................#
......................#...#P..##
#..... S............####..##...#


You could see a seven-headed hydra, a komodo dragon and a bullfrog.

Vanquished Creatures
  Erolcha (D:9)
  A boulder beetle (D:12)
  A hydra (D:10)
  A two-headed ogre (D:11)
  3 cyclopes
  A manticore (D:11)
  Joseph (D:7)
  A black mamba (Lair:2)
  3 cane toads (Lair:1)
  Maggie (D:6)
  An unseen horror (D:11)
  A komodo dragon (Lair:1)
  A troll (D:10)
  Prince Ribbit (D:7)
  Sigmund (D:6)
  2 wraiths
  A vampire (D:12)
  A basilisk (D:11)
  17 yaks
  A warg (D:11)
  An acid dragon (D:10)
  Edmund (D:5)
  10 water moccasins
  10 orc warriors
  A sky beast (D:6)
  2 black bears (D:8)
  An ice beast (D:5)
  An ogre (D:6)
  5 wolves (Lair:1)
  3 phantoms
  4 centaurs
  A kobold brigand (D:10)
  13 bullfrogs
  A necrophage (D:6)
  4 gnoll sergeants
  3 scorpions
  4 wights (D:9)
  8 killer bees (D:9)
  4 howler monkeys
  3 hounds
  6 orc priests
  2 jellies
  A bouda (D:9)
  8 iguanas
  Natasha (thrice) (D:2)
  9 orc wizards
  21 gnolls
  13 adders
  2 shadow imps
  3 white imps
  2 ufetubi (D:6)
  A worm (D:3)
  4 dart slugs
  46 orcs
  3 bats
  6 endoplasms
  4 giant cockroaches
  8 goblins
  5 hobgoblins
  15 jackals
  4 quokkas
  8 ball pythons
  15 kobolds
  5 rats
315 creatures vanquished.

Vanquished Creatures (others)
  2 fungi
  3 plants
5 creatures vanquished.

Grand Total: 320 creatures vanquished

Notes
Turn   | Place    | Note
-------+----------+-------------------------------------------
     0 | D:1      | Malachi the Demonspawn Brigand began the quest for the Orb.
     0 | D:1      | Reached XP level 1. HP: 16/16 MP: 1/1
    34 | D:1      | Found Curgh's Antique Armour Shop.
   111 | D:1      | Found Maokoic's Book Boutique.
   113 | D:1      | Gained mutation: You have a somewhat thin skeletal
                  | structure. (Dex +2, Stealth+) [demonic ancestry]
   113 | D:1      | Reached XP level 2. HP: 23/23 MP: 2/2
   285 | D:1      | Found Xevam's Weapon Emporium.
   294 | D:1      | Found Ferghysufu's Weapon Emporium.
   685 | D:2      | Found a faded altar of an unknown god.
   734 | D:2      | Reached XP level 3. HP: 29/29 MP: 3/3
   853 | D:2      | Reached skill level 1 in Ranged Weapons
   888 | D:2      | Noticed Natasha
   896 | D:2      | Killed Natasha
   897 | D:2      | Gained mutation: You have a small tail. [demonic ancestry]
   897 | D:2      | Reached XP level 4. HP: 37/37 MP: 4/4
  1015 | D:2      | Noticed Natasha
  1026 | D:2      | Killed Natasha
  1296 | D:2      | Noticed Natasha
  1299 | D:2      | Killed Natasha
  1508 | D:3      | Gained mutation: You have a moderately thin skeletal
                  | structure. (Dex +4, Stealth++) [demonic ancestry]
  1508 | D:3      | Reached XP level 5. HP: 43/43 MP: 5/5
  1635 | D:3      | Found a bloodstained altar of Trog.
  1705 | D:3      | Reached skill level 5 in Fighting
  1744 | D:3      | Found a shadowy altar of Dithmenos.
  1750 | D:3      | Became a worshipper of Dithmenos the Shadowed
  1953 | D:3      | Identified the +8 hand axe of Drought {flame, rC+}
  2014 | D:3      | Found a hazy altar of Hepliaklqana.
  2057 | D:3      | Reached XP level 6. HP: 51/51 MP: 6/6
  3507 | D:5      | Entered Level 5 of the Dungeon
  3601 | D:5      | Reached * piety under Dithmenos
  3615 | D:5      | Noticed an ice beast
  3636 | D:5      | Reached XP level 7. HP: 38/56 MP: 7/7
  3639 | D:5      | Reached skill level 5 in Stealth
  3925 | D:5      | Found a staircase to the Ecumenical Temple.
  4368 | D:5      | Noticed Edmund
  4384 | D:5      | Killed Edmund
  4883 | D:6      | Reached XP level 8. HP: 64/64 MP: 8/8
  5233 | D:6      | Reached skill level 5 in Short Blades
  5246 | D:6      | Reached ** piety under Dithmenos
  5514 | D:6      | Found a stormy altar of Qazlal.
  5532 | D:6      | Noticed Sigmund
  5536 | D:6      | Killed Sigmund
  5713 | D:6      | Noticed Maggie
  5722 | D:6      | Killed Maggie
  5723 | D:6      | Gained mutation: You have an unnaturally thin skeletal
                  | structure. (Dex +6, Stealth+++) [demonic ancestry]
  5723 | D:6      | Reached XP level 9. HP: 61/71 MP: 9/9
  6552 | D:7      | Noticed Prince Ribbit
  6558 | D:7      | Noticed Joseph
  6559 | D:7      | Killed Prince Ribbit
  6568 | D:7      | Killed Joseph
  7436 | D:8      | Identified the ring "Namp" {Wiz rN+ Will+}
  7456 | D:8      | Reached skill level 10 in Stealth
  7467 | D:8      | Reached *** piety under Dithmenos
  7775 | D:8      | Found a radiant altar of Vehumet.
  7782 | D:8      | Found a shimmering altar of Xom.
  7928 | D:8      | Found a staircase to the Lair.
  7947 | D:8      | Gained mutation: You regenerate magic rapidly. [demonic
                  | ancestry]
  7947 | D:8      | Reached XP level 10. HP: 79/79 MP: 10/10
  9053 | D:9      | Noticed Erolcha
  9059 | D:9      | Killed Erolcha
  9923 | D:9      | Reached **** piety under Dithmenos
 10499 | D:9      | HP: 3/80 [gnoll sergeant/+2 spear of pain (2)]
 10499 | D:9      | HP: 1/80 [gnoll/+0 spear[a gnoll sergeant] (2)]
 10853 | D:9      | Found a burning altar of Makhleb.
 10948 | D:10     | Entered Level 10 of the Dungeon
 10948 | D:10     | Noticed a +0 dagger
 10948 | D:10     | Noticed a +0 falchion
 10948 | D:10     | Noticed a +0 short sword
 10948 | D:10     | Noticed a +0 spear
 10948 | D:10     | Noticed a +0 falchion
 10948 | D:10     | Noticed a +0 dagger
 10949 | D:10     | Noticed a +0 short sword
 10949 | D:10     | Noticed a +0 spear
 10953 | D:10     | Found a hide-covered altar of Uskayaw.
 10957 | D:10     | Reached skill level 1 in Armour
 10974 | D:10     | Noticed a six-headed hydra
 10980 | D:10     | Killed a six-headed hydra
 11073 | D:10     | Gained mutation: You have a tail ending in a sharp stinger.
                  | [demonic ancestry]
 11073 | D:10     | Reached XP level 11. HP: 86/86 MP: 11/11
 11663 | D:11     | Noticed a two-headed ogre
 11679 | D:11     | Killed a two-headed ogre
 11702 | D:11     | Identified the +7 hand axe of Onwuajeh {flame, Str+4}
 11842 | D:11     | You fall into a shaft and drop 2 floors!
 11842 | D:13     | Found a portal to a secret trove of treasure.
 11892 | D:13     | Noticed a deep elf pyromancer
 11946 | D:12     | Noticed a boulder beetle
 11965 | D:12     | Reached skill level 10 in Short Blades
 11981 | D:12     | Noticed a boulder beetle
 11981 | D:12     | Noticed a boulder beetle
 11984 | D:12     | Killed a boulder beetle
 11985 | D:12     | Noticed a six-headed hydra
 12404 | D:11     | Reached skill level 1 in Shields
 12745 | D:11     | Found a staircase to the Orcish Mines.
 12789 | D:11     | Reached skill level 10 in Fighting
 13486 | Lair:1   | Entered Level 1 of the Lair of Beasts
 13497 | Lair:1   | Reached skill level 1 in Invocations
 14060 | Lair:1   | Reached XP level 12. HP: 101/101 MP: 12/12
 14592 | Lair:2   | Noticed a seven-headed hydra
 14660 | Lair:2   | Slain by a seven-headed hydra

Illustrated notes

Levels and vault maps discovered:
D:1:      wander_arrival_estate, layout_rooms, serial_shops, shop,
          nicolae_shop_bloodbath_and_beyond, shop,
          nicolae_shop_temple_entry_statues_fountains
D:2:      layout_loops_cross, basic_ecumenical_altar, uniq_natasha
D:3:      minmay_door_path, layout_basic, trog_hazing_becter,
          lemuel_crystal_altar, nicolae_hepliaklqana_hazy_memory
D:4:      layout_gridville
D:5:      layout_loops_corners, minmay_temple_entry_from_below_a,
          chequers_serial_rivers_small_3, uniq_edmund
D:6:      minmay_octagon_keep, layout_gridville,
          mainiacjoe_overflow_six_doors_small, uniq_maggie, uniq_sigmund
D:7:      layout_loops_corners, bh_walls_and_bars, uniq_joseph,
          uniq_prince_ribbit1
D:8:      layout_layer_cave, minmay_overflow_temple_star_quad,
          grunt_lair_entry_orc_guard_hut
D:9:      layout_cave_pods, lightli_temple_of_fire, uniq_erolcha
D:10:     layout_rooms, nicolae_uskayaw_en_pointe, dk_rats_in_the_wall
D:11:     layout_rooms, david_orc_1_choice, gauntlet_entry_generic,
          hangedman_abyss_or_decor_stagger
D:12:     cheibrodos_fzero, layout_stronghold, evilmike_minifort
D:13:     layout_cave_pools, lightli_vaults_fourway_checkpoint,
          nicolae_trove_entry_columns, minmay_misc_feat_encased, uniq_nessos
Lair:1:   layout_cave_pods, lemuel_fruit_tree, serial_bayou_shore_b
Lair:2:   layout_regular_city, spider_nest_entry_a, basic_altar,
          grunt_megastairs_3, infiniplex_staircase_pool, uniq_erica

Skill      XL: |  1  2  3  4  5  6  7  8  9 10 11 12 |
---------------+-------------------------------------+-----
Fighting       | 3 4 5 6 7 8 11 12 | 12.0
Ranged Weapons | 2 |  2.0
Short Blades   | 2 3 4 6 7 9 10 | 10.2
Stealth        | 4 6 8 10 11 12 | 12.0
Armour         | 2 |  2.2
Shields        | 1 |  1.0
Invocations    | 1 |  1.1
Throwing       | |  1.7
Dodging        | |  0.8

Action                   |  1- 3 |  4- 6 |  7- 9 | 10-12 || total
-------------------------+-------+-------+-------+-------++-------
Melee: Dagger            |    22 |   166 |       |       ||   188
       Tailslap          |       |    27 |    48 |   109 ||   184
       Punch             |       |     1 |     6 |    11 ||    18
       Short sword       |       |     9 |   294 |   550 ||   853
 Fire: Sling             |    60 |    30 |       |       ||    90
Invok: Shadow Step       |       |       |       |     2 ||     2
Evoke: Wand              |       |       |       |     5 ||     5
  Use: Scroll            |       |       |    10 |    13 ||    23
       Potion            |       |       |       |     2 ||     2
 Stab: Sleeping          |     1 |    13 |    36 |    38 ||    88
Armor: Robe              |    11 |    78 |    67 |    76 ||   232
       Swamp dragon scal |       |       |    12 |   223 ||   235
Dodge: Dodged            |    20 |   140 |   140 |   296 ||   596
Block: Other             |       |       |       |    63 ||    63
       Reflection        |       |       |       |     1 ||     1

Table legend: (Time is in decaauts)
 A = Elapsed time spent in this place.
 B = Non-inter-level travel time spent in this place.
 C = Inter-level travel time spent in this place.
 D = Time resting spent in this place.
 E = Time spent auto-exploring this place.
 F = Levels seen in this place.
 G = Mean time per level.
                   A        B        C        D        E       F      G
               +--------+--------+--------+--------+--------+-----+--------+
         Total |  14440 |  13866 |    574 |   2439 |   8496 |  15 |  962.7 |
       Dungeon |  13300 |  12746 |    554 |   2356 |   7758 |  13 | 1023.1 |
          Lair |   1139 |   1119 |     20 |     83 |    738 |   2 |  569.5 |
               +--------+--------+--------+--------+--------+-----+--------+

Top non-repeatable levels by time:
     D:9: 1860 daAuts
     D:8: 1746 daAuts
     D:5: 1269 daAuts
     D:6: 1262 daAuts
     D:7: 1243 daAuts
    D:11: 1235 daAuts
     D:4: 1180 daAuts
  Lair:1: 939 daAuts
     D:2: 860 daAuts
     D:3: 803 daAuts
    D:10: 697 daAuts
     D:1: 687 daAuts
    D:12: 340 daAuts
  Lair:2: 199 daAuts
    D:13: 113 daAuts
